 Dungeon Crawl Stone Soup version 0.31-a0-161-gb58dd9be76 (webtiles) character file.

Game seed: 4268328331426443371

35 Serulin the Covered (level 3, 0/24 HPs)
             Began as a Gargoyle Fighter on June 13, 2023.
             Slain by Robin
             ... wielding a +0 dagger
              (3 damage)
             ... on level 2 of the Dungeon.
             The game lasted 00:01:55 (1177 turns).

Serulin the Covered (Gargoyle Fighter)              Turns: 1177, Time: 00:01:55

Health: 0/24       AC: 10    Str: 21    XL:     3   Next: 33%
Magic:  3/3        EV:  9    Int:  8    God:
Gold:   109        SH:  4    Dex:  9    Spells: 2/2 levels left

rFire   . . .        a - +0 flail
rCold   . . .        c - +0 buckler
rNeg    + . .        b - +0 scale mail
rPois   ∞            (no helmet)
rElec   +            (no cloak)
rCorr   .            (no gloves)
SInv    .            (no boots)
Will    .....        (no amulet) Stlth
                     (no ring)
HPRegen 0.24/turn    (no ring)
MPRegen 0.08/turn

%: no passive effects
@: no status effects
A: sickness immunity, AC +3, negative energy resistance 1, electricity
resistance, torment resistance 1, petrification resistance
a: no special abilities


You were on level 2 of the Dungeon.
You visited 1 branch of the dungeon, and saw 2 of its levels.

You collected 109 gold pieces.

Inventory:

Hand Weapons
 a - a +0 flail (weapon)
Armour
 b - a +0 scale mail (worn)
 c - a +0 buckler (worn)
Jewellery
 n - a ring of resist corrosion
Scrolls
 e - 3 scrolls of identify {unknown}
 g - 2 scrolls of teleportation {unknown}
 i - a scroll of vulnerability {unknown}
 l - a scroll of amnesia {unknown}
 o - a scroll of poison {unknown}
Potions
 d - a potion of might
 f - 2 potions of curing {unknown}
 h - a potion of berserk rage {unknown}
 j - a potion of mutation {unknown}
 k - a potion of attraction {unknown}
 m - a potion of heal wounds {unknown}


   Skills:
 + Level 3.7 Fighting
 + Level 2.4 Maces & Flails
 + Level 3.7 Armour
 + Level 3.7 Shields


You had 2 spell levels left.
You didn't know any spells.
Your spell library was empty.

Dungeon Overview and Level Annotations

Branches:
Dungeon (2/15)

Altars:

Annotations:
D:2 Robin


Innate Abilities, Weirdness & Mutations

You are immune to sickness and miasma.
Your stone body is resilient. (AC +3)
You are immune to poison.
You resist negative energy. (rN+)
You are resistant to electric shocks. (rElec)
You are resistant to unholy torment.
You are immune to petrification.


Message History

The hobgoblin hits you but does no damage.
You hit the goblin.
You kill the goblin!
The hobgoblin hits you but does no damage.
The goblin completely misses you. The goblin misses you.
Robin throws the goblin at you! The goblin hits you but does no damage.
The goblin closely misses you. You block the hobgoblin's attack.
The hobgoblin attacks as you move away! The hobgoblin completely misses you.
The goblin hits you with a +0 club.
* * * LOW HITPOINT WARNING * * *
The goblin barely misses you. You block the goblin's attack.
Robin throws the goblin at you!
Things that are here:
a +0 dagger; a +0 dagger You completely miss the goblin.
You block the goblin's attack. The goblin hits you but does no damage.
The goblin barely misses you. x2
You block the hobgoblin's attack.
You hit the goblin.
The goblin is moderately wounded.
The goblin hits you but does no damage. You block the goblin's attack.
The hobgoblin closely misses you. The goblin closely misses you.
The goblin barely misses you.
The goblin hits you but does no damage. x2
The goblin misses you. The hobgoblin barely misses you.
You block the goblin's attack.
You barely miss the goblin.
The goblin is moderately wounded.
The goblin hits you but does no damage. You block the hobgoblin's attack.
The goblin hits you but does no damage. The goblin completely misses you.
The goblin misses you.
You sock the goblin!
You kill the goblin!
The goblin misses you. The goblin hits you with a +0 club.
* * * LOW HITPOINT WARNING * * *
Robin says, "My goblins will feast on your bones."
The hobgoblin hits you but does no damage.
The goblin barely misses you.
You hit the goblin.
The goblin is moderately wounded.
The goblin hits you but does no damage. x3; Robin hits you with a +0 dagger.
You die...

####.##..#
#..........'...#
#....#.#
#..........##.##
#....#.#
#####+#........#
#....#.#
###.#.##.##.##
#....#..
#.........#.#
#....###
#.#.#.##..#.#
#....# #.
#.#.#.##..#.#
##.###
#..##g#.#.....#.#
####.#
#....g@g#.......#
.)...#
######gg#.##.####
######
.......gg#.##.#
#....#
.........#.# .#
#.##.#.#
....####...#
#.##.#.# ... ....
#.##.#.# (. #..##
#.##.#.# . ...
#.##.#.####+#
.##.


You could see Robin, 3 hobgoblins and 3 goblins.

Vanquished Creatures
  A dart slug (D:2)
  An endoplasm (D:2)
  2 giant cockroaches (D:2)
  6 goblins
  6 hobgoblins (D:1)
  4 ball pythons
  3 bats
  3 frilled lizards (D:1)
  A kobold (D:1)
  4 rats (D:1)
31 creatures vanquished.

Notes
Turn   | Place    | Note
-------+----------+-------------------------------------------
     0 | D:1      | Serulin the Gargoyle Fighter began the quest for the Orb.
     0 | D:1      | Reached XP level 1. HP: 14/14 MP: 1/1
   147 | D:1      | Reached XP level 2. HP: 19/19 MP: 2/2
  1008 | D:2      | Reached XP level 3. HP: 23/23 MP: 3/3
  1162 | D:2      | Noticed Robin
  1177 | D:2      | Slain by Robin

Illustrated notes

Levels and vault maps discovered:
D:1:      onia_arrival_pentagram, layout_basic, roderic_roman_lattice
D:2:      wad_river_or_something, layout_basic, dreamdust_wishing_well,
          uniq_robin, uniq_jessica

Action                     || total
---------------------------++-------
  Melee: Flail             ||   120
 Armour: Scale mail        ||    89
  Dodge: Dodged            ||    99
  Block: Buckler           ||    33

Table legend: (Time is in decaauts)
 A = Elapsed time spent in this place.
 B = Non-inter-level travel time spent in this place.
 C = Inter-level travel time spent in this place.
 D = Time resting spent in this place.
 E = Time spent auto-exploring this place.
 F = Levels seen in this place.
 G = Mean time per level.
                   A        B        C        D        E       F      G
               +--------+--------+--------+--------+--------+-----+--------+
         Total |   1214 |   1192 |     22 |      0 |    932 |   2 |  607.0 |
       Dungeon |   1214 |   1192 |     22 |      0 |    932 |   2 |  607.0 |
               +--------+--------+--------+--------+--------+-----+--------+

Top non-repeatable levels by time:
     D:1: 893 daAuts
     D:2: 321 daAuts
